Unix NetHack Version 5.0.0-0 post-release - last build Jun 10 2026 00:39:30 (3ee93aec679c4c4259841fe613dc97188e26a321,branch:main).

Game began 2026-06-18 02:46:02, ended 2026-06-18 03:08:09.

Brudee, chaotic female human Rogue

                                 -------------  ## ###   ------------
                                 |*.@ ...f.**|#  ########-..........|
                                 |..f..*......########   |..........|
                                 |...-----...|#          |..........|
                                 |...|.{.|...|           -........<.|
                                #...*|{.{|*..|           ------------
                                 |.....{.|...|
                                 |...-----...|
                                 |.....*.....|
                                 |*...*.....*|
                                 -------------

Brudee the Cutpurse     St:12 Dx:17 Co:13 In:11 Wi:12 Ch:12  Chaotic S:507
Dlvl:5  $:119 HP:0(24) Pw:10(10) AC:4  Xp:3/47 T:1469 

Latest messages:
 You miss Shruner's ghost.
 You miss Shruner's ghost.
 You miss Shruner's ghost.
 You miss Shruner's ghost.
 You miss Shruner's ghost.
 Shruner's ghost touches you!
 You feel strong!
 You must have been exercising diligently.
 You swap places with Sparky.
 You already found a monster.  Use 'm' prefix to force another search.
 You already found a monster.  Use 'm' prefix to force another search.
 You miss Shruner's ghost.
 You miss Shruner's ghost.
 Shruner's ghost touches you!
 You miss Shruner's ghost.
 You miss Shruner's ghost.
 Shruner's ghost touches you!
 You miss Shruner's ghost.
 You miss Shruner's ghost.
 You miss Shruner's ghost.
 You miss Shruner's ghost.
 You miss Shruner's ghost.
 You miss Shruner's ghost.
 You hit Shruner's ghost.
 You miss Shruner's ghost.
 You see here 49 rocks.
 Shruner's ghost touches you!
 You miss Shruner's ghost.
 You miss Shruner's ghost.
 The kitten misses!
 The kitten just misses!
 You miss Shruner's ghost.
 The kitten bites!
 Shruner's ghost touches you!
 Sparky picks up a rock.
 You miss Shruner's ghost.
 The kitten misses!
 Shruner's ghost touches you!
 The kitten misses!
 You hit Shruner's ghost.
 The kitten bites!
 The kitten bites!
 You miss Shruner's ghost.
 The kitten misses!
 The kitten bites!
 You miss Shruner's ghost.
 The kitten bites!
 You die...
 Do you want your possessions identified? [ynq] (y) y
 Do you want to see your attributes? [ynq] (y) q

Inventory:
 Coins    ('$')
  $ - 119 gold pieces
 Weapons  (')')
  b - 5 +0 daggers (alternate weapons; not wielded)
  C - a +0 orcish dagger
  p - the +0 Sting
 Armor    ('[')
  D - a blessed +2 orcish helm (being worn)
  c - an uncursed +1 leather armor (being worn)
 Comestibles  ('%')
  F - an uncursed food ration
  E - a cursed food ration
 Scrolls  ('?')
  m - an uncursed scroll of identify
  H - an uncursed scroll of remove curse
  t - an uncursed scroll of teleportation
 Potions  ('!')
  s - an uncursed potion of restore ability
  d - an uncursed potion of sickness
  I - an uncursed potion of sleeping
  g - an uncursed potion of speed
  K - a potion of unholy water
 Wands    ('/')
  i - a wand of digging (0:6)
 Tools    ('(')
  e - an uncursed lock pick
 Gems/Stones  ('*')
  P - an uncursed obsidian stone

Brudee the Rogue's attributes:

Background:
 You were a Cutpurse, a level 3 female human Rogue.
 You were chaotic, on a mission for Kos
 who was opposed by Issek (lawful) and Mog (neutral).
 You were right-handed.
 You were in the Dungeons of Doom, on level 5.
 You entered the dungeon 1469 turns ago.
 It was nighttime.
 You had 47 experience points, 33 more were needed to attain level 4.
 Your score was 507 before end-of-game adjustments.

Basics:
 You had 0 out of 24 hit points.
 You had all 10 energy points (spell power).
 Your armor class was 4.
 Your wallet contained 119 zorkmids.
 Autopickup was on for '$!=+?/"' plus thrown.

Final Characteristics:
 Your strength was 12 (limit:18/100).
 Your dexterity was 17 (limit:18).
 Your constitution was 13 (limit:18).
 Your intelligence was 11 (limit:18).
 Your wisdom was 12 (limit:18).
 Your charisma was 12 (limit:18).

Final Status:
 You weren't hungry.
 You were unencumbered.
 You were bare handed.
 You were unskilled in bare handed combat.

Final Attributes:
 You were devoutly aligned.
 You were stealthy.
 You were warded.
 You are dead.

Miscellaneous:
 You encountered 1 bones level.
 Total elapsed playing time was 22 minutes and 6 seconds.

Major events:
 Turn
    1: Brudee the chaotic female human Rogue entered the dungeon
  530: became literate by naming Sting
  818: found Cleaver in a shop
 1032: attained the rank of Cutpurse (level 3)
 1317: entered the Gnomish Mines
 1469: killed by a kitten

You didn't know any spells.

Skills:
 Fighting Skills
   bare handed combat [Unskilled]
   two weapon combat  [Unskilled]
   riding             [Unskilled]
 Weapon Skills
   dagger             [Basic]
   knife              [Unskilled]
   short sword        [Basic]
   broadsword         [Unskilled]
   long sword         [Unskilled]
   two-handed sword   [Unskilled]
   saber              [Unskilled]
   club               [Unskilled]
   mace               [Unskilled]
   morning star       [Unskilled]
   flail              [Unskilled]
   hammer             [Unskilled]
   polearms           [Unskilled]
   spear              [Unskilled]
   crossbow           [Unskilled]
   dart               [Unskilled]
   shuriken           [Unskilled]
 Spellcasting Skills
   divination spells  [Unskilled]
   escape spells      [Unskilled]
   matter spells      [Unskilled]

Voluntary challenges:
 Character rerolling was not enabled.
 You never genocided any monsters.
 You never polymorphed an object.
 You never changed form.
 You used no wishes.
Achievements:
 You entered a shop.
 You attained the rank of Cutpurse.
 You entered the Gnomish Mines.

 The Dungeons of Doom: levels 1 to 5
    Level 1:
       A fountain.
    Level 2:
    Level 3:
       A weapon shop, a fountain.
    Level 4:
       An altar.
       Stairs down to The Gnomish Mines.
    Level 5: <- You were here.
       Many fountains.
       Oracle of Delphi.
       Final resting place for
          you, killed by a kitten,
          IanCurtis-Wiz-Elf-Mal-Cha, killed by a crocodile,
          Shruner-Sam-Hum-Fem-Law, killed by a rabid rat.
 The Gnomish Mines:
    Level 5:


Vanquished creatures:
 an iguana
  a hobbit
  2 giant rats
  4 geckos
  a fox
  a kobold
  2 goblins
  2 lichens
  2 newts
16 creatures vanquished.

No species were genocided or became extinct.

Game over:
                       ----------
                      /          \
                     /    REST    \
                    /      IN      \
                   /     PEACE      \
                  /                  \
                  |      Brudee      |
                  |      119 Au      |
                  |   killed by a    |
                  |      kitten      |
                  |                  |
                  |                  |
                  |       2026       |
                 *|     *  *  *      | *
        _________)/\\_//(\/(/\)/\//\/|_)_______

Goodbye Brudee the Rogue...

You died in The Dungeons of Doom on dungeon level 5 with 496 points,
and 119 pieces of gold, after 1469 moves.
You were level 3 with a maximum of 24 hit points when you died.

